 Seeded DCSS version 0.28.0-45-g0d030f2227 (webtiles) character file.

Game seed: 11508040811408598718 (custom seed)

39 xaos the Conjurer (level 3, -1/24 HPs)
             Began as a Human Conjurer on Apr 9, 2022.
             Was an Initiate of Ru.
             Slain by an adder (3 damage)
             ... on level 2 of the Dungeon on Apr 10, 2022.
             The game lasted 00:06:23 (2149 turns).

xaos the Conjurer (Human Conjurer)                  Turns: 2149, Time: 00:06:24

Health: -1/24      AC:  2    Str:  7    XL:     3   Next: 67%
Magic:  6/6        EV: 12    Int: 20    God:    Ru [......]
Gold:   139        SH:  0    Dex: 11    Spells: 3/6 levels left

rFire   . . .      SeeInvis .   e - +0 short sword
rCold   . . .      Faith    .   (no shield)
rNeg    . . .      Spirit   .   a - +0 robe
rPois   .          Reflect  .   (no helmet)
rElec   .          Harm     .   (no cloak)
rCorr   .          Rampage  .   (no gloves)
Will    .....                   (no boots)
Stlth   ++........              (no amulet)
HPRegen 0.08/turn               (no ring)
MPRegen 0.10/turn               (no ring)

@: lethally poisoned (-1 -> -5)
A: no striking features
a: Renounce Religion, Sacrifice Drink, Sacrifice Stealth, Sacrifice Purity,
Reject Sacrifices


You were on level 2 of the Dungeon.
You worshipped Ru.
Ru was noncommittal.
You visited 1 branch of the dungeon, and saw 2 of its levels.

You collected 139 gold pieces.

Inventory:

Hand Weapons
 e - a +0 short sword (weapon)
Missiles
 b - 38 stones
 f - 13 sling bullets
Armour
 a - a +0 robe (worn)
Scrolls
 g - a scroll of identify {unknown}
 i - a scroll of amnesia {unknown}
Potions
 c - a potion of degeneration {unknown}
 d - a potion of might {unknown}
 h - a potion of haste {unknown}
 j - a potion of attraction {unknown}


   Skills:
 + Level 0.1 Fighting
 + Level 0.2 Short Blades
 + Level 2.4 Dodging
 + Level 2.3 Stealth
 + Level 2.1 Spellcasting
 + Level 4.6 Conjurations


You had 3 spell levels left.
You knew the following spells:

 Your Spells              Type           Power      Damage    Failure   Level
a - Magic Dart            Conj           80%        1d7       2%          1
b - Searing Ray           Conj           40%        2d5       3%          2

Your spell library contained the following spells:

 Spells                   Type           Power      Damage    Failure   Level
 Dazzling Flash           Conj/Hex       22%        N/A       19%         3
 Fulminant Prism          Conj/Hex       5%         3d7       52%         4
 Iskenderun's Mystic Bla  Conj/Tloc      11%        2d4       52%         4


Dungeon Overview and Level Annotations

Branches:
Dungeon (2/15)

Altars:
Ru


Message History

Save game and exit?
Welcome back, xaos the Human Conjurer.
Game seed: 11508040811408598718 (custom seed) Ru says: Cut away your false body!
Press ? for a list of commands and other information.
An adder comes into view.
The adder hisses angrily.
You hit the adder but do no damage. The adder closely misses you. x2
You miss the adder. The adder misses you.
You miss the adder. The adder barely misses you. The adder bites you.
You are poisoned.
The adder poisons you!
You closely miss the adder.
You feel sick. The adder bites you.
You are more poisoned.
The adder poisons you!
You completely miss the adder.
You feel sick. The adder barely misses you. The adder bites you.
You hit the adder.
The adder is lightly wounded.
You feel sick. The adder barely misses you.
You closely miss the adder.
The adder is lightly wounded.
You feel sick. The adder closely misses you. The adder bites you.
You are lethally poisoned!
The adder poisons you!
* * * LOW HITPOINT WARNING * * *
You feel sick.
* * * LOW HITPOINT WARNING * * *
You feel sick.
* * * LOW HITPOINT WARNING * * *
You feel sick.
Unknown command.
Unknown command.
Unknown command.
Unknown command.
You hit the adder but do no damage.
The adder is lightly wounded.
* * * LOW HITPOINT WARNING * * *
You feel sick. The adder barely misses you. The adder bites you.
You die...

##.##
#.......##.#
#.#
#.......##..
#.#
#.......##.#
#.#
#.......##..
#.#
#....)......
#.#
#.......#...
#.#
#.......#.##
#.#
###...###.##
#@# #$.....
#S#####......
#.....#.......
#####.#.#.....
#.##.#..# # #r


You could see an adder.

Vanquished Creatures
  2 adders (D:2)
  A dart slug (D:1)
  2 ball pythons
  A giant cockroach (D:1)
  2 goblins
  A hobgoblin (D:2)
  2 jackals (D:1)
  3 kobolds
  A quokka (D:1)
  2 bats
  A frilled lizard (D:2)
18 creatures vanquished.

Notes
Turn   | Place    | Note
-------+----------+-------------------------------------------
     0 | D:1      | xaos the Human Conjurer began the quest for the Orb.
     0 | D:1      | Reached XP level 1. HP: 13/13 MP: 3/3
   264 | D:1      | Reached XP level 2. HP: 18/19 MP: 5/5
   633 | D:1      | Learned a level 2 spell: Searing Ray
   665 | D:1      | Found a faded altar of an unknown god.
   681 | D:1      | Prayed at the altar of an unknown god.
   681 | D:1      | Became a worshipper of Ru the Awakened
  1437 | D:2      | Reached XP level 3. HP: 9/24 MP: 1/6
  2149 | D:2      | Slain by an adder

Illustrated notes

Levels and vault maps discovered:
D:1:      dpeg_arrival_boxorama, layout_basic,
          hellmonk_ecumenical_altar_crossroads, chequers_hall_statues_corner_a
D:2:      layout_loops_cross

Action                   || total
-------------------------++-------
Melee: Short sword       ||    55
 Cast: Magic Dart        ||     9
       Searing Ray       ||     9
  Use: Scroll            ||     1
 Stab: Sleeping          ||     2
Armor: Robe              ||    17
Dodge: Dodged            ||    64
